 Dungeon Crawl Stone Soup version 0.28-a0-1152-g9c71ebef14 (webtiles) character file.

Game seed: 7122959260425472305

1566 siradein the Digger (level 8, 0/62 HPs)
             Began as a White Draconian Earth Elementalist on Dec 15, 2021.
             Slain by a hound (1 damage)
             ... on level 6 of the Dungeon.
             The game lasted 00:38:14 (8358 turns).

siradein the Digger (DrEE)                          Turns: 8358, Time: 00:38:14

Health: 0/62       AC:  9    Str: 11    XL:     8   Next: 59%
Magic:  4/14       EV: 17    Int: 18    God:
Gold:   255        SH:  0    Dex: 11    Spells: 5/15 levels left

rFire   . . .      SeeInvis .   y - +0 rapier
rCold   + . .      Faith    .   (no shield)
rNeg    . . .      Spirit   .   (armour unavailable)
rPois   .          Reflect  .   (helmet restricted)
rElec   .          Harm     .   a - +0 cloak
rCorr   .          Rampage  .   h - +1 pair of gloves {infuse}
Will    .....                   (no boots)
Stlth   ++........              (no amulet)
HPRegen 0.20/turn               z - +4 ring of evasion
MPRegen 0.14/turn               (no ring)

@: studying Polearms
A: breathe frost, AC +6, unfitting armour, cold resistance 1, cold-blooded
a: Breathe Frost


You were on level 6 of the Dungeon.
You visited 1 branch of the dungeon, and saw 6 of its levels.

You collected 277 gold pieces.
You spent 22 gold pieces at shops.

Inventory:

Hand Weapons
 v - a +0 vampiric dagger
 y - a +0 rapier (weapon)
Missiles
 b - 132 stones
 d - 4 curare-tipped darts
 g - 34 poisoned darts
 q - 2 throwing nets
Armour
 a - a +0 cloak (worn)
 h - a +1 pair of gloves of infusion (worn)
Jewellery
 z - a +4 ring of evasion (left hand)
Wands
 f - a wand of digging (5)
 p - a wand of flame (27)
Scrolls
 c - a scroll of magic mapping
 j - 2 scrolls of blinking
 l - a scroll of amnesia {unknown}
 n - a scroll of vulnerability {unknown}
 r - 2 scrolls of teleportation {unknown}
 t - a scroll of fear {unknown}
 x - a scroll of immolation {unknown}
 B - a scroll of enchant weapon {unknown}
Potions
 e - a potion of heal wounds
 i - 2 potions of attraction {unknown}
 m - a potion of invisibility
 o - a potion of haste {unknown}
 u - a potion of degeneration {unknown}
 w - a potion of curing {unknown}
 A - a potion of brilliance {unknown}


   Skills:
 + Level 2.7 Fighting
 + Level 4.4 Dodging
 - Level 1.7 Stealth
 + Level 4.3 Spellcasting
 + Level 3.6 Conjurations
 + Level 4.3 Transmutations
 + Level 5.3 Earth Magic
 + Level 3.6 Evocations


You had 5 spell levels left.
You knew the following spells:

 Your Spells              Type           Power      Damage    Failure   Level
a - Sandblast             Erth           46%        2d11      1%          1
b - Passwall              Tmut/Erth      17%        N/A       3%          2
c - Stone Arrow           Conj/Erth      40%        3d9       7%          3
d - Petrify               Tmut/Erth      21%        N/A       19%         4

Your spell library contained the following spells:

 Spells                   Type           Power      Damage    Failure   Level
 Foxfire                  Conj/Fire      40%        2x1d6     7%          1
 Conjure Flame            Conj/Fire      10%        6-21      21%         3
 Scorch                   Fire           6%         2d5       22%         2
 Inner Flame              Hex/Fire       3%         N/A       38%         3
 Flame Wave               Conj/Fire      10%        2d5       54%         4
 Summon Cactus Giant      Summ           1%         N/A       100%        6


Dungeon Overview and Level Annotations

Branches:
Dungeon (6/15)
 Temple: D:4-7

Altars:
Cheibriados

Shops:
D:1 ?


Innate Abilities, Weirdness & Mutations

You can breathe waves of freezing cold which knock back foes.
Your icy white scales are hard. (AC +6)
You cannot fit into any form of body armour.
Your flesh is cold resistant. (rC+)
You are cold-blooded and may be slowed by cold attacks.


Message History

Casting: Sandblast (safe; 1% risk of failure)
Confirm with . or Enter, or press ? or * to list all spells.
Aiming: Sandblast (safe; 1% risk of failure)
Press: ? - help, Shift-Dir - straight line, f/p - centaur
Aim: a centaur, quivering arrows (almost dead, 88% to hit)
The blast of sand hits the centaur but does no damage.
The centaur is almost dead.
b - 132 stones The centaur closely misses you.
The centaur kicks you but does no damage.
The shadow imp closely misses you. The centaur closely misses you.
The centaur misses you.
The centaur wields a +2 vorpal shortbow.
The centaur shoots an arrow.
The arrow barely misses you.
You hit the shadow imp.
You tail-slap the shadow imp, but do no damage.
The shadow imp is lightly wounded.
The shadow imp misses you.
The shadow imp hits you but does no damage.
The hound bites you but does no damage.
The centaur shoots an arrow.
The arrow barely misses you. The hound completely misses you.
The hound misses you.
You see here a bullfrog corpse.
The hound bites you but does no damage. The hound barely misses you.
The hound misses you. The hound bites you.
The centaur shoots an arrow.
The arrow hits you. The hound bites you.
The centaur shoots an arrow.
The arrow completely misses you.
The centaur shoots an arrow.
The arrow hits you. The hound closely misses you.
The hound bites you but does no damage.
The centaur shoots an arrow.
The arrow hits you!
* * * LOW HITPOINT WARNING * * *
x2 The hound bites you but does no damage.
The centaur shoots an arrow.
The arrow hits you!
* * * LOW HITPOINT WARNING * * *
x2 The hound bites you.
You die...

### #.## #<# #... #.# #..# #.#
#... ######### #.# #... #.......#
#.# #... #.......# #.# #...
#.......######.###########...
#####..........h@..#(............
....'........c.......##########..
#####........#######.# #........
...........{.......†.# #.######.
............########.####.# #.
............# ##...?....# #.
............# #.......### #.
.........5..# #.......# #.
...#...#.#### #.......# #.


You could see a centaur and a hound.

Vanquished Creatures
  A sky beast (D:6)
  2 centaurs (D:4)
  4 ogres
  2 phantoms
  A bullfrog (D:6)
  2 scorpions (D:5)
  A wyvern skeleton (D:6)
  A centaur zombie (D:5)
  2 jellies (D:5)
  5 orc priests
  3 iguanas
  A bullfrog skeleton (D:5)
  An orc wizard (D:5)
  3 hound skeletons (D:4)
  4 gnolls
  6 adders
  2 ufetubi
  2 adder skeletons (D:4)
  2 worms
  4 dart slugs
  7 orcs
  2 bats (D:3)
  3 endoplasms
  2 giant cockroaches
  8 goblins
  4 hobgoblins
  3 jackals (D:1)
  6 kobolds
  3 quokkas
  6 ball pythons
  4 frilled lizards
  8 rats
105 creatures vanquished.

Vanquished Creatures (others)
  A plant (D:1)
1 creature vanquished.

Grand Total: 106 creatures vanquished

Notes
Turn   | Place    | Note
-------+----------+-------------------------------------------
     0 | D:1      | siradein the Draconian Earth Elementalist began the quest
                  | for the Orb.
     0 | D:1      | Reached XP level 1. HP: 14/14 MP: 3/3
    87 | D:1      | Reached XP level 2. HP: 20/20 MP: 0/5
   215 | D:1      | Learned a level 2 spell: Passwall
   236 | D:1      | Found Saseet's Magic Scroll Boutique.
   265 | D:1      | Bought a scroll of identify for 22 gold pieces
   823 | D:1      | Reached XP level 3. HP: 26/26 MP: 3/6
   912 | D:1      | Found a faded altar of an unknown god.
  1275 | D:2      | Learned a level 3 spell: Stone Arrow
  1889 | D:2      | Gained mutation: Your flesh is cold resistant. (rC+)
                  | [potion of mutation]
  2613 | D:3      | Reached XP level 4. HP: 33/33 MP: 4/7
  2779 | D:4      | Noticed an ogre
  2779 | D:4      | Noticed an ogre
  3785 | D:4      | Reached skill level 1 in Conjurations
  4212 | D:4      | Reached XP level 5. HP: 35/38 MP: 2/9
  4814 | D:4      | Killed an ogre
  4815 | D:4      | Reached skill level 4 in Earth Magic
  4815 | D:4      | Reached skill level 1 in Evocations
  4815 | D:4      | Reached XP level 6. HP: 45/45 MP: 3/10
  5740 | D:4      | Your scales start taking on an icy white colour.
  5740 | D:4      | Reached XP level 7. HP: 27/50 MP: 1/12
  5740 | D:4      | Mutation became permanent: Your flesh is cold resistant.
                  | (rC+) [White Draconian growth]
  5740 | D:4      | Gained mutation: Your flesh is cold resistant. (rC+) [White
                  | Draconian growth]
  5745 | D:4      | Learned a level 4 spell: Petrify
  6029 | D:4      | Found a snail-covered altar of Cheibriados.
  6174 | D:5      | Entered Level 5 of the Dungeon
  6274 | D:5      | Reached skill level 1 in Fighting
  6702 | D:5      | Reached XP level 8. HP: 60/60 MP: 3/13
  7034 | D:5      | Reached skill level 5 in Earth Magic
  8358 | D:6      | HP: 2/62 [centaur/arrow (7)]
  8358 | D:6      | Slain by a hound

Illustrated notes

Levels and vault maps discovered:
D:1:      denvon_arrival_planthouse, layout_loops_cross,
          shapermc_ecumenical_altar_mp_highgroup, serial_shops, shop_fountains,
          minmay_misc_feat_secret_circle, minmay_pentomino_v4
D:2:      layout_basic, kennysheep_generic_room_3
D:3:      layout_rooms, serial_aquarium, aquarium_bridge_square
          [aquarium_subvault_bridge, aquarium_subvault_bridge,
          aquarium_subvault_wall, aquarium_subvault_window],
          aquarium_window_fake, aquarium_window_fake, aquarium_view_2a,
          aquarium_pool_2
D:4:      layout_cave_pods, general_overflow_altar, minmay_manual_mares
D:5:      layout_rooms
D:6:      layout_basic, minmay_increasing_density

Skill      XL: |  1  2  3  4  5  6  7  8 |
---------------+-------------------------+-----
Dodging        | 2 3 4 |  4.4
Transmutations | 2 3 4 |  4.3
Conjurations   | 1 2 3 |  3.6
Spellcasting   | 3 4 |  4.3
Earth Magic    | 4 5 |  5.3
Evocations     | 1 2 3 |  3.6
Fighting       | 1 2 |  2.7
Stealth        | |  1.7

Action                   |  1- 3 |  4- 6 |  7- 9 || total
-------------------------+-------+-------+-------++-------
Melee: Unarmed           |    21 |       |       ||    21
       Tailslap          |     6 |     7 |     1 ||    14
       Dagger            |    50 |    44 |     2 ||    96
       Short sword       |       |    43 |       ||    43
       Rapier            |       |       |    17 ||    17
 Cast: Sandblast         |    44 |    40 |     7 ||    91
       Passwall          |       |     2 |       ||     2
       Stone Arrow       |       |    14 |    59 ||    73
 Abil: Breathe Frost     |       |       |     8 ||     8
  Use: Scroll            |     2 |     3 |     2 ||     7
       Potion            |     1 |       |       ||     1
Armor: Skin              |    22 |    79 |    29 ||   130
Dodge: Dodged            |    57 |   108 |    57 ||   222

Table legend: (Time is in decaauts)
 A = Elapsed time spent in this place.
 B = Non-inter-level travel time spent in this place.
 C = Inter-level travel time spent in this place.
 D = Time resting spent in this place.
 E = Time spent auto-exploring this place.
 F = Levels seen in this place.
 G = Mean time per level.
                   A        B        C        D        E       F      G
               +--------+--------+--------+--------+--------+-----+--------+
         Total |   8377 |   8257 |    120 |   1063 |   5484 |   6 | 1396.2 |
       Dungeon |   8377 |   8257 |    120 |   1063 |   5484 |   6 | 1396.2 |
               +--------+--------+--------+--------+--------+-----+--------+

Top non-repeatable levels by time:
     D:4: 2465 daAuts
     D:3: 2378 daAuts
     D:1: 1016 daAuts
     D:5: 989 daAuts
     D:2: 898 daAuts
     D:6: 629 daAuts
